 Dungeon Crawl Stone Soup version 0.24.0-123-gd5b16e6ec5 (webtiles) character file.

Game seed: 17905812542142602319, levelgen mode: deterministic

91 Bluestream the Chopper (level 4, 0/41 HPs)
             Began as a Hill Orc Berserker on Jan 31, 2020.
             Was a Believer of Trog.
             Engulfed by a cloud of flame (17 damage)
             ... on level 2 of the Dungeon.
             The game lasted 00:02:36 (1318 turns).

Bluestream the Chopper (Hill Orc Berserker)         Turns: 1318, Time: 00:02:36

Health: 0/41       AC:  3    Str: 20    XL:     4   Next: 57%
Magic:  4/4        EV: 12    Int:  7    God:    Trog [**....]
Gold:   80         SH:  0    Dex: 10    Spells: 3/3 levels left

rFire    . . .     SeeInvis .   a - +0 hand axe
rCold    . . .     Gourm    .   (no shield)
rNeg     . . .     Faith    .   h - +0 leather armour
rPois    .         Spirit   .   (no helmet)
rElec    .         Reflect  .   (no cloak)
rCorr    .         Harm     .   (no gloves)
MR       .....                  (no boots)
Stlth    +.........             (no amulet)
HPRegen  0.13/turn              (no ring)
MPRegen  0.09/turn              (no ring)

@: no status effects
A: no striking features
a: Berserk, Trog's Hand, Renounce Religion


You were on level 2 of the Dungeon.
You worshipped Trog.
Trog was pleased with you.
You were not hungry.

You visited 1 branch of the dungeon, and saw 2 of its levels.

You collected 80 gold pieces.

Inventory:

Hand Weapons
 a - a +0 hand axe (weapon)
Armour
 b - a +0 animal skin
 h - a +0 leather armour (worn)
Scrolls
 d - a scroll of immolation
 j - a scroll of magic mapping {unknown}
 k - 5 scrolls of identify
Potions
 e - 3 potions of agility {unknown}
 f - a potion of curing {unknown}
 g - 2 potions of ambrosia {unknown}
 i - a potion of degeneration {unknown}
 l - a potion of brilliance {unknown}
 m - a potion of heal wounds {unknown}
Comestibles
 c - 6 rations
 n - 2 chunks of flesh


   Skills:
 * Level 4.7 Fighting
 * Level 5.5 Axes
 + Level 2.4 Armour
 + Level 1.8 Dodging
 + Level 0.2 Stealth


You had 3 spell levels left.
You didn't know any spells.
Your spell library was empty.

Dungeon Overview and Level Annotations

Branches:
Dungeon (2/15)

Altars:
Vehumet


Message History

You kill the quokka!
Trog accepts your kill.
You hit the frilled lizard.
You kill the frilled lizard!
Trog accepts your kill.
No target in view!
No target in view!
Things that are here:
a +0 club; a hobgoblin corpse Unknown command.
Found 17 arrows.
Found a rat skeleton.
Found a radiant altar of Vehumet.
A hobgoblin comes into view. It is wielding a +0 club.
Really walk into a travel-excluded area?
You are engulfed in blazing flames.
You see here a scroll of identify.
k - 5 scrolls of identify (gained 1)
You are engulfed in blazing flames.
You die...

.....##......#.# ###....# #.
.....##...................#### #.
.....+.......................# #.
.....##.....#................# #.
#####.......#...○............###+
## ................#.......#...
.. .......#...§....#.......#...
.. .....#..☼.§...#.......#...
.....##.#...§.@............#...
.(......#....##.#..........#...
##......#....##....g...#.####.. #
#......................#.# ##+
###........................# .#.
..#...<..........................
..#.......................#......
..#......................##......
..#......####....######...##...#.


You could see a hobgoblin.

Vanquished Creatures
  A howler monkey (D:2)
  An adder (D:2)
  A worm (D:2)
  2 dart slugs
  A leopard gecko (D:2)
  A giant cockroach (D:1)
  2 goblins (D:1)
  9 hobgoblins
  3 kobolds
  2 quokkas (D:2)
  A ball python (D:1)
  2 bats (D:1)
  5 frilled lizards
  5 rats
36 creatures vanquished.

Vanquished Creatures (others)
  A rat (D:2)
1 creature vanquished.

Grand Total: 37 creatures vanquished

Notes
Turn   | Place    | Note
-------+----------+-------------------------------------------
     0 | D:1      | Bluestream the Hill Orc Berserker began the quest for the
                  | Orb.
     0 | D:1      | Reached XP level 1. HP: 19/19 MP: 1/1
   111 | D:1      | Reached XP level 2. HP: 27/27 MP: 2/2
   966 | D:2      | Reached XP level 3. HP: 29/33 MP: 3/3
  1007 | D:2      | Reached ** piety under Trog
  1204 | D:2      | Found a faded altar of an unknown god.
  1251 | D:2      | Reached skill level 5 in Axes
  1273 | D:2      | Reached XP level 4. HP: 30/41 MP: 4/4
  1297 | D:2      | Found a radiant altar of Vehumet.
  1318 | D:2      | Engulfed by a cloud of flame

Levels and vault maps discovered:
D:1:      shiori_arrival_elements, layout_basic
D:2:      layout_basic, fiery_altar_vehumet, first_ration,
          chequers_ecumenical_altar_twisty

Skill      XL: |  1  2  3 |
---------------+----------+-----
Fighting       | 4 |  4.7
Axes           | 5 |  5.5
Armour         | |  2.4
Dodging        | |  1.8
Stealth        | |  0.2

Action                   |  1- 3 |  4- 6 || total
-------------------------+-------+-------++-------
Melee: Hand axe          |   104 |     2 ||   106
  Use: Scroll            |     1 |       ||     1
  Eat: Chunk             |       |     1 ||     1
Armor: Animal skin       |     4 |       ||     4
       Leather armour    |     5 |       ||     5
Dodge: Dodged            |    69 |       ||    69
